Canucks vs Flames

Created - February 29 2008 at 19:53

Goals
1 2 3 T
Canucks 0 2 2 4
Flames 1 1 3 5
Shots
1 2 3 T
Canucks 5 7 8 20
Flames 8 13 8 29

Period #1

1. Flames , Derek Armstrong 14 (Rhett Warrener) at 1:29

Penalties :
Mike Commodore (VAN) for Slashing (Minor) at 1:36, Jussi Jokinen (CGY) for Hooking (Minor) at 6:09, Mike Commodore (VAN) for Diving (Minor) at 11:10, Ron Hainsey (VAN) for High sticking (Minor) at 12:11, Ryan Kesler (VAN) for Hooking (Minor) at 15:45, Andrei Zyuzin (CGY) for Holding (Minor) at 16:45

Period #2

2. Flames , Jarome Iginla 34 (Daymond Langkow, Dion Phaneuf) at 0:24
3. Canucks , Anders Eriksson 5 (Jarret Stoll) at 5:14 (PP)
4. Canucks , Milan Michalek 17 (Ron Hainsey, Jarret Stoll) at 7:43

Penalties :
Anders Eriksson (VAN) for High sticking (Double Minor) at 0:48, Rhett Warrener (CGY) for Holding (Minor) at 5:12, Nik Antropov (VAN) for Interference (Minor) at 5:15, Dan Hamhuis (VAN) for Diving (Minor) at 12:25

Period #3

5. Flames , Bill Guerin 27 (Jaroslav Modry, Daymond Langkow) at 3:10
6. Flames , Kristian Huselius 33 (Daymond Langkow, Bill Guerin) at 5:26 (PP)
7. Flames , Marek Svatos 16 (Derek Armstrong) at 6:03
8. Canucks , Anders Eriksson 6 (Marc-Edouard Vlasic, Jarret Stoll) at 18:49 (PP)
9. Canucks , Matt Cullen 12 (Brad Richardson) at 19:27 (SH)

Penalties :
Dan Hamhuis (VAN) for High sticking (Minor) at 4:22, Sergei Fedorov (VAN) for Hooking (Minor) at 6:25, Daymond Langkow (CGY) for Slashing (Minor) at 11:55, Dion Phaneuf (CGY) for Hooking (Minor) at 18:27, Scott Walker (VAN) for High sticking (Double Minor) at 19:25

Goalie Stats

Evgeni Nabokov (VAN), 5 saves from 5 shots - (1.000), 13:57 minutes
Jocelyn Thibault (VAN), 19 saves from 24 shots - (0.792), L, 3-7-2, 46:03 minutes
Miikka Kiprusoff (CGY), 16 saves from 20 shots - (0.800), W, 35-19-1, 60:00 minutes

Players Stats

Canucks
Player Name              G  A  P  +/- PIM S  H  SB FO MP 
-----------------------------------------------------------
Anders Eriksson          2  0  2  -1  4   2  2  0  0  20 
Antoine Vermette         0  0  0  -2  0   6  1  0  14 15 
Antti Miettinen          0  0  0   0  0   0  1  0  0  6  
Brad Richardson          0  1  1   1  0   1  2  0  15 15 
Brian Gionta             0  0  0  -2  0   1  2  0  0  14 
Colby Armstrong          0  0  0  -1  0   0  0  0  1  19 
Dan Hamhuis              0  0  0  -2  4   1  3  4  0  22 
Jarret Stoll             0  3  3   0  0   1  2  0  25 15 
Marc-Edouard Vlasic      0  1  1  -1  0   0  2  1  0  23 
Matt Cullen              1  0  1   0  0   2  1  0  0  19 
Mike Commodore           0  0  0   0  4   0  1  0  0  23 
Milan Michalek           1  0  1   0  0   2  1  0  1  17 
Nik Antropov             0  0  0   0  2   0  0  0  4  14 
Ron Hainsey              0  1  1   0  2   2  1  0  0  20 
Ryan Kesler              0  0  0  -1  2   2  1  0  23 18 
Scott Walker             0  0  0   0  4   0  0  0  1  7  
Sergei Fedorov           0  0  0   0  2   0  0  1  0  17 
Steven Reinprecht        0  0  0  -2  0   0  0  0  4  14 
Flames
Player Name              G  A  P  +/- PIM S  H  SB FO MP 
-----------------------------------------------------------
Alex Tanguay             0  0  0   0  0   2  0  0  3  16 
Andrei Zyuzin            0  0  0   1  2   0  1  2  0  21 
Andrew Ference           0  0  0   1  0   0  1  2  0  19 
Bill Guerin              1  1  2   1  0   5  1  0  1  19 
Daymond Langkow          0  3  3   1  2   2  1  1  19 21 
Derek Armstrong          1  1  2   1  0   4  1  0  14 16 
Dion Phaneuf             0  1  1   0  2   3  1  1  0  26 
Jarome Iginla            1  0  1   0  0   2  2  0  4  18 
Jaroslav Modry           0  1  1   1  0   1  0  0  0  23 
Jussi Jokinen            0  0  0   1  2   1  0  0  1  13 
Kristian Huselius        1  0  1   1  0   5  1  0  1  20 
Marcus Nilson            0  0  0   0  0   0  1  0  2  13 
Marek Svatos             1  0  1   1  0   1  0  0  1  13 
Matthew Lombardi         0  0  0  -1  0   2  3  0  23 19 
Mike Johnson             0  0  0   0  0   1  0  0  1  14 
Rhett Warrener           0  1  1   2  2   0  0  1  0  26 
Roman Hamrlik            0  0  0   0  0   0  0  0  0  1  
Stephane Yelle           0  0  0   0  0   0  0  0  18 15 

3 Stars

1 - Anders Eriksson (VAN)
2 - Daymond Langkow (CGY)
3 - Bill Guerin (CGY)

Power Play

Canucks - 2 on 5 Attempt(s) - 40.00%
Flames - 1 on 10 Attempt(s) - 10.00%

Penalty Kill

Canucks - 9 on 10 Attempt(s) - 90.00% - Score 1 goal in Penalty Kill
Flames - 3 on 5 Attempt(s) - 60.00% - Score 0 goal in Penalty Kill

Game Notes

Evgeni Nabokov enters game at 6:03 of 3rd period

Finance

Level 1 -- Attendance: 5112 (78.65%) -- Ticket Income $460,080.00
Level 2 -- Attendance: 5014 (91.16%) -- Ticket Income $275,770.00
Level 3 -- Attendance: 1891 (67.90%) -- Ticket Income $51,057.00
Level 4 -- Attendance: 3132 (78.30%) -- Ticket Income $68,904.00
Luxury Box -- Attendance: 981 (78.48%) -- Ticket Income $117,720.00
Game was played at the Pengrowth Saddledome
Total Attendance: 16130 (80.51%)
Total Ticket Income: $986,075.20
Other Income: $158,387.10
Total Income: $1,144,462.00


Play by Play

Period #1

0:01 of 1st period - Jarret Stoll wins face-off versus Daymond Langkow in neutral zone.
0:20 of 1st period - Shot by Milan Michalek.
0:20 of 1st period - Shot Blocked by Daymond Langkow.
0:22 of 1st period - Shot by Jarret Stoll.
0:22 of 1st period - Deflect By Milan Michalek.
0:22 of 1st period - Shot Blocked by Rhett Warrener.
0:24 of 1st period - Shot by Ron Hainsey.
0:24 of 1st period - Stopped by Miikka Kiprusoff without a rebound.
0:25 of 1st period - Antoine Vermette wins face-off versus Matthew Lombardi in Flames zone.
0:44 of 1st period - Shot by Brian Gionta.
0:44 of 1st period - Shot Misses the Net.
0:46 of 1st period - Shot by Dan Hamhuis.
0:46 of 1st period - Stopped by Miikka Kiprusoff without a rebound.
0:47 of 1st period - Ryan Kesler wins face-off versus Derek Armstrong in Flames zone.
1:29 of 1st period - Shot by Derek Armstrong.
1:29 of 1st period - Goal by Derek Armstrong - Canucks : 0 - Flames : 1.
1:30 of 1st period - Matthew Lombardi wins face-off versus Nik Antropov in neutral zone.
1:36 of 1st period - Minor Penalty to Mike Commodore for Slashing.
1:37 of 1st period - Matthew Lombardi wins face-off versus Brad Richardson in Canucks zone.
1:38 of 1st period - Shot by Kristian Huselius.
1:38 of 1st period - Shot Misses the Net.
1:50 of 1st period - Shot by Jaroslav Modry.
1:50 of 1st period - Stopped by Jocelyn Thibault without a rebound.
1:51 of 1st period - Daymond Langkow wins face-off versus Brad Richardson in Canucks zone.
2:01 of 1st period - Jarome Iginla is hit by Marc-Edouard Vlasic and loses puck.
3:38 of 1st period - Icing by Alex Tanguay.
3:39 of 1st period - Derek Armstrong wins face-off versus Jarret Stoll in Flames zone.
3:39 of 1st period - Derek Armstrong is hit by Jarret Stoll.
5:04 of 1st period - Mike Johnson is hit by Dan Hamhuis and loses puck.
5:15 of 1st period - Dion Phaneuf is hit by Brian Gionta and loses puck.
5:33 of 1st period - Icing by Stephane Yelle.
5:34 of 1st period - Stephane Yelle wins face-off versus Ryan Kesler in Flames zone.
5:44 of 1st period - Icing by Sergei Fedorov.
5:45 of 1st period - Matthew Lombardi wins face-off versus Ryan Kesler in Canucks zone.
6:04 of 1st period - Shot by Bill Guerin.
6:04 of 1st period - Stopped by Jocelyn Thibault without a rebound.
6:05 of 1st period - Derek Armstrong wins face-off versus Jarret Stoll in Canucks zone.
6:05 of 1st period - Marek Svatos is hit by Mike Commodore and loses puck.
6:09 of 1st period - Minor Penalty to Jussi Jokinen for Hooking.
6:10 of 1st period - Daymond Langkow wins face-off versus Antoine Vermette in Canucks zone.
6:10 of 1st period - Jaroslav Modry is hit by Ron Hainsey and loses puck.
6:30 of 1st period - Shot by Milan Michalek.
6:30 of 1st period - Shot Misses the Net.
6:32 of 1st period - Shot by Ron Hainsey.
6:32 of 1st period - Shot Misses the Net.
6:34 of 1st period - Shot by Antoine Vermette.
6:34 of 1st period - Shot Blocked by Andrei Zyuzin.
6:36 of 1st period - Shot by Milan Michalek.
6:36 of 1st period - Shot Blocked by Andrei Zyuzin.
6:38 of 1st period - Shot by Sergei Fedorov.
6:38 of 1st period - Shot Misses the Net.
7:05 of 1st period - Off-side.
7:06 of 1st period - Jarret Stoll wins face-off versus Daymond Langkow in neutral zone.
7:09 of 1st period - Shot by Brian Gionta.
7:09 of 1st period - Stopped by Miikka Kiprusoff without a rebound.
7:10 of 1st period - Jarret Stoll wins face-off versus Stephane Yelle in Flames zone.
8:08 of 1st period - Shot by Antoine Vermette.
8:08 of 1st period - Shot Misses the Net.
8:58 of 1st period - Off-side.
8:59 of 1st period - Ryan Kesler wins face-off versus Kristian Huselius in neutral zone.
9:13 of 1st period - Shot by Kristian Huselius.
9:13 of 1st period - Stopped by Jocelyn Thibault without a rebound.
9:14 of 1st period - Jarret Stoll wins face-off versus Alex Tanguay in Canucks zone.
9:37 of 1st period - Shot by Daymond Langkow.
9:37 of 1st period - Shot Misses the Net.
9:45 of 1st period - Shot by Alex Tanguay.
9:45 of 1st period - Stopped by Jocelyn Thibault without a rebound.
9:46 of 1st period - Antoine Vermette wins face-off versus Matthew Lombardi in Canucks zone.
9:58 of 1st period - Steven Reinprecht is hit by Andrei Zyuzin and loses puck.
10:01 of 1st period - Shot by Antoine Vermette.
10:01 of 1st period - Stopped by Miikka Kiprusoff without a rebound.
10:02 of 1st period - Ryan Kesler wins face-off versus Marcus Nilson in Flames zone.
10:29 of 1st period - Off-side.
10:30 of 1st period - Antoine Vermette wins face-off versus Matthew Lombardi in neutral zone.
10:54 of 1st period - Off-side.
10:55 of 1st period - Jarret Stoll wins face-off versus Derek Armstrong in neutral zone.
11:10 of 1st period - Minor Penalty to Mike Commodore for Diving.
11:11 of 1st period - Ryan Kesler wins face-off versus Daymond Langkow in Canucks zone.
11:11 of 1st period - Ryan Kesler is hit by Jarome Iginla.
11:39 of 1st period - Shot by Jarome Iginla.
11:39 of 1st period - Shot Misses the Net.
11:41 of 1st period - Shot by Daymond Langkow.
11:41 of 1st period - Shot Misses the Net.
12:04 of 1st period - Icing by Bill Guerin.
12:05 of 1st period - Matthew Lombardi wins face-off versus Brad Richardson in Flames zone.
12:11 of 1st period - Minor Penalty to Ron Hainsey for High sticking.
12:12 of 1st period - Jarret Stoll wins face-off versus Matthew Lombardi in Canucks zone.
12:23 of 1st period - Shot by Kristian Huselius.
12:23 of 1st period - Stopped by Jocelyn Thibault without a rebound.
12:24 of 1st period - Bill Guerin wins face-off versus Jarret Stoll in Canucks zone.
13:48 of 1st period - Icing by Kristian Huselius.
13:49 of 1st period - Matthew Lombardi wins face-off versus Ryan Kesler in Flames zone.
14:16 of 1st period - Icing by Ron Hainsey.
14:17 of 1st period - Derek Armstrong wins face-off versus Jarret Stoll in Canucks zone.
14:32 of 1st period - Shot by Derek Armstrong.
14:32 of 1st period - Stopped by Jocelyn Thibault without a rebound.
14:33 of 1st period - Stephane Yelle wins face-off versus Ryan Kesler in Canucks zone.
14:49 of 1st period - Icing by Rhett Warrener.
14:50 of 1st period - Stephane Yelle wins face-off versus Brad Richardson in Flames zone.
15:45 of 1st period - Minor Penalty to Ryan Kesler for Hooking.
15:46 of 1st period - Alex Tanguay wins face-off versus Milan Michalek in Flames zone.
15:46 of 1st period - Alex Tanguay is hit by Milan Michalek.
16:45 of 1st period - Minor Penalty to Andrei Zyuzin for Holding.
16:46 of 1st period - Jarret Stoll wins face-off versus Alex Tanguay in Flames zone.
16:57 of 1st period - Shot by Kristian Huselius.
16:57 of 1st period - Stopped by Jocelyn Thibault with a rebound.
17:39 of 1st period - Jarome Iginla is hit by Brad Richardson and loses puck.
18:22 of 1st period - Shot by Milan Michalek.
18:22 of 1st period - Shot Misses the Net.
18:24 of 1st period - Shot by Antoine Vermette.
18:24 of 1st period - Stopped by Miikka Kiprusoff with a rebound.
18:26 of 1st period - Shot by Milan Michalek.
18:26 of 1st period - Shot Misses the Net.
18:51 of 1st period - Icing by Jaroslav Modry.
18:52 of 1st period - Scott Walker wins face-off versus Matthew Lombardi in Flames zone.
19:36 of 1st period - Icing by Dan Hamhuis.
19:37 of 1st period - Brad Richardson wins face-off versus Derek Armstrong in Canucks zone.

Period #2

0:01 of 2nd period - Jarret Stoll wins face-off versus Daymond Langkow in neutral zone.
0:24 of 2nd period - Shot by Jarome Iginla.
0:24 of 2nd period - Goal by Jarome Iginla - Canucks : 0 - Flames : 2.
0:25 of 2nd period - Antoine Vermette wins face-off versus Matthew Lombardi in neutral zone.
0:33 of 2nd period - Matthew Lombardi is hit by Dan Hamhuis and loses puck.
0:38 of 2nd period - Shot by Kristian Huselius.
0:38 of 2nd period - Shot Misses the Net.
0:42 of 2nd period - Shot by Bill Guerin.
0:42 of 2nd period - Stopped by Jocelyn Thibault without a rebound.
0:43 of 2nd period - Derek Armstrong wins face-off versus Ryan Kesler in Canucks zone.
0:46 of 2nd period - Shot by Jussi Jokinen.
0:46 of 2nd period - Stopped by Jocelyn Thibault with a rebound.
0:48 of 2nd period - Shot by Derek Armstrong.
0:48 of 2nd period - Stopped by Jocelyn Thibault without a rebound.
0:48 of 2nd period - Double Minor Penalty to Anders Eriksson for High sticking.
0:49 of 2nd period - Daymond Langkow wins face-off versus Brad Richardson in Canucks zone.
1:30 of 2nd period - Shot by Daymond Langkow.
1:30 of 2nd period - Shot Misses the Net.
1:32 of 2nd period - Shot by Dion Phaneuf.
1:32 of 2nd period - Stopped by Jocelyn Thibault without a rebound.
1:33 of 2nd period - Matthew Lombardi wins face-off versus Ryan Kesler in Canucks zone.
2:47 of 2nd period - Icing by Rhett Warrener.
2:48 of 2nd period - Daymond Langkow wins face-off versus Brad Richardson in Flames zone.
2:58 of 2nd period - Shot by Dion Phaneuf.
2:58 of 2nd period - Stopped by Jocelyn Thibault without a rebound.
2:59 of 2nd period - Ryan Kesler wins face-off versus Matthew Lombardi in Canucks zone.
3:12 of 2nd period - Shot by Bill Guerin.
3:12 of 2nd period - Shot Blocked by Dan Hamhuis.
3:20 of 2nd period - Shot by Bill Guerin.
3:20 of 2nd period - Stopped by Jocelyn Thibault without a rebound.
3:21 of 2nd period - Brad Richardson wins face-off versus Daymond Langkow in Canucks zone.
4:23 of 2nd period - Shot by Matthew Lombardi.
4:23 of 2nd period - Shot Misses the Net.
4:56 of 2nd period - Icing by Mike Commodore.
4:57 of 2nd period - Derek Armstrong wins face-off versus Jarret Stoll in Canucks zone.
5:04 of 2nd period - Shot by Daymond Langkow.
5:04 of 2nd period - Stopped by Jocelyn Thibault without a rebound.
5:05 of 2nd period - Stephane Yelle wins face-off versus Jarret Stoll in Canucks zone.
5:06 of 2nd period - Shot by Dion Phaneuf.
5:06 of 2nd period - Stopped by Jocelyn Thibault without a rebound.
5:07 of 2nd period - Jarret Stoll wins face-off versus Derek Armstrong in Canucks zone.
5:07 of 2nd period - Jarret Stoll is hit by Derek Armstrong.
5:12 of 2nd period - Minor Penalty to Rhett Warrener for Holding.
5:13 of 2nd period - Jarret Stoll wins face-off versus Stephane Yelle in Flames zone.
5:14 of 2nd period - Shot by Anders Eriksson.
5:14 of 2nd period - Goal by Anders Eriksson - Canucks : 1 - Flames : 2.
5:15 of 2nd period - Derek Armstrong wins face-off versus Jarret Stoll in neutral zone.
5:15 of 2nd period - Minor Penalty to Nik Antropov for Interference.
5:16 of 2nd period - Matthew Lombardi wins face-off versus Brad Richardson in neutral zone.
6:19 of 2nd period - Alex Tanguay is hit by Brad Richardson and loses puck.
7:43 of 2nd period - Shot by Milan Michalek.
7:43 of 2nd period - Goal by Milan Michalek - Canucks : 2 - Flames : 2.
7:44 of 2nd period - Stephane Yelle wins face-off versus Antoine Vermette in neutral zone.
7:47 of 2nd period - Shot by Daymond Langkow.
7:47 of 2nd period - Stopped by Jocelyn Thibault without a rebound.
7:48 of 2nd period - Stephane Yelle wins face-off versus Antoine Vermette in Canucks zone.
7:53 of 2nd period - Shot by Mike Johnson.
7:53 of 2nd period - Shot Misses the Net.
8:09 of 2nd period - Shot by Antoine Vermette.
8:09 of 2nd period - Stopped by Miikka Kiprusoff with a rebound.
8:11 of 2nd period - Shot by Antoine Vermette.
8:11 of 2nd period - Shot Misses the Net.
8:21 of 2nd period - Shot by Brian Gionta.
8:21 of 2nd period - Shot Misses the Net.
8:45 of 2nd period - Sergei Fedorov is hit by Marcus Nilson and loses puck.
10:31 of 2nd period - Shot by Steven Reinprecht.
10:31 of 2nd period - Shot Misses the Net.
10:53 of 2nd period - Shot by Colby Armstrong.
10:53 of 2nd period - Shot Misses the Net.
11:57 of 2nd period - Shot by Scott Walker.
11:57 of 2nd period - Shot Misses the Net.
11:59 of 2nd period - Shot by Antti Miettinen.
11:59 of 2nd period - Shot Misses the Net.
12:01 of 2nd period - Shot by Brad Richardson.
12:01 of 2nd period - Stopped by Miikka Kiprusoff without a rebound.
12:02 of 2nd period - Matthew Lombardi wins face-off versus Antoine Vermette in Flames zone.
12:02 of 2nd period - Matthew Lombardi is hit by Brian Gionta.
12:14 of 2nd period - Shot by Jaroslav Modry.
12:14 of 2nd period - Deflect By Kristian Huselius.
12:14 of 2nd period - Shot Blocked by Dan Hamhuis.
12:23 of 2nd period - Matthew Lombardi is hit by Marc-Edouard Vlasic and loses puck.
12:25 of 2nd period - Minor Penalty to Dan Hamhuis for Diving.
12:26 of 2nd period - Colby Armstrong wins face-off versus Matthew Lombardi in Canucks zone.
12:26 of 2nd period - Colby Armstrong is hit by Kristian Huselius.
12:45 of 2nd period - Matthew Lombardi is hit by Anders Eriksson and loses puck.
12:58 of 2nd period - Brad Richardson is hit by Matthew Lombardi and loses puck.
14:26 of 2nd period - Icing by Mike Commodore.
14:27 of 2nd period - Antoine Vermette wins face-off versus Matthew Lombardi in Canucks zone.
14:27 of 2nd period - Antoine Vermette is hit by Matthew Lombardi.
14:45 of 2nd period - Shot by Matthew Lombardi.
14:45 of 2nd period - Stopped by Jocelyn Thibault without a rebound.
14:46 of 2nd period - Jarret Stoll wins face-off versus Stephane Yelle in Canucks zone.
15:00 of 2nd period - Shot by Kristian Huselius.
15:00 of 2nd period - Deflect By Mike Johnson.
15:00 of 2nd period - Stopped by Jocelyn Thibault without a rebound.
15:01 of 2nd period - Jarome Iginla wins face-off versus Ryan Kesler in Canucks zone.
15:08 of 2nd period - Shot by Kristian Huselius.
15:08 of 2nd period - Stopped by Jocelyn Thibault with a rebound.
15:10 of 2nd period - Shot by Jarome Iginla.
15:10 of 2nd period - Shot Blocked by Sergei Fedorov.
15:38 of 2nd period - Icing by Jaroslav Modry.
15:39 of 2nd period - Antoine Vermette wins face-off versus Jarome Iginla in Flames zone.
16:21 of 2nd period - Antoine Vermette is hit by Bill Guerin and loses puck.
17:08 of 2nd period - Off-side.
17:09 of 2nd period - Derek Armstrong wins face-off versus Ryan Kesler in neutral zone.
18:12 of 2nd period - Shot by Scott Walker.
18:12 of 2nd period - Deflect By Antti Miettinen.
18:12 of 2nd period - Shot Misses the Net.
18:45 of 2nd period - Icing by Stephane Yelle.
18:46 of 2nd period - Jarret Stoll wins face-off versus Stephane Yelle in Flames zone.
19:01 of 2nd period - Shot by Jarret Stoll.
19:01 of 2nd period - Stopped by Miikka Kiprusoff with a rebound.
19:30 of 2nd period - Icing by Rhett Warrener.
19:31 of 2nd period - Ryan Kesler wins face-off versus Stephane Yelle in Flames zone.
19:34 of 2nd period - Shot by Ryan Kesler.
19:34 of 2nd period - Stopped by Miikka Kiprusoff with a rebound.
19:36 of 2nd period - Shot by Colby Armstrong.
19:36 of 2nd period - Shot Misses the Net.
19:38 of 2nd period - Shot by Sergei Fedorov.
19:38 of 2nd period - Shot Misses the Net.
19:40 of 2nd period - Shot by Colby Armstrong.
19:40 of 2nd period - Deflect By Matt Cullen.
19:40 of 2nd period - Stopped by Miikka Kiprusoff with a rebound.
19:42 of 2nd period - Shot by Ryan Kesler.
19:42 of 2nd period - Deflect By Matt Cullen.
19:42 of 2nd period - Shot Misses the Net.
19:54 of 2nd period - Shot by Colby Armstrong.
19:54 of 2nd period - Deflect By Matt Cullen.
19:54 of 2nd period - Shot Misses the Net.

Period #3

0:01 of 3rd period - Nik Antropov wins face-off versus Daymond Langkow in neutral zone.
0:39 of 3rd period - Icing by Daymond Langkow.
0:40 of 3rd period - Steven Reinprecht wins face-off versus Daymond Langkow in Flames zone.
1:35 of 3rd period - Shot by Matt Cullen.
1:35 of 3rd period - Shot Blocked by Dion Phaneuf.
1:37 of 3rd period - Shot by Ryan Kesler.
1:37 of 3rd period - Stopped by Miikka Kiprusoff without a rebound.
1:38 of 3rd period - Jarret Stoll wins face-off versus Matthew Lombardi in Flames zone.
1:47 of 3rd period - Shot by Milan Michalek.
1:47 of 3rd period - Shot Misses the Net.
2:11 of 3rd period - Shot by Milan Michalek.
2:11 of 3rd period - Stopped by Miikka Kiprusoff without a rebound.
2:12 of 3rd period - Ryan Kesler wins face-off versus Derek Armstrong in Flames zone.
2:13 of 3rd period - Shot by Sergei Fedorov.
2:13 of 3rd period - Shot Misses the Net.
2:49 of 3rd period - Icing by Marek Svatos.
2:50 of 3rd period - Derek Armstrong wins face-off versus Steven Reinprecht in Flames zone.
2:50 of 3rd period - Derek Armstrong is hit by Antoine Vermette.
3:06 of 3rd period - Shot by Daymond Langkow.
3:06 of 3rd period - Shot Blocked by Dan Hamhuis.
3:10 of 3rd period - Shot by Bill Guerin.
3:10 of 3rd period - Goal by Bill Guerin - Canucks : 2 - Flames : 3.
3:11 of 3rd period - Jarret Stoll wins face-off versus Stephane Yelle in neutral zone.
3:13 of 3rd period - Milan Michalek is hit by Dion Phaneuf and loses puck.
4:19 of 3rd period - Shot by Bill Guerin.
4:19 of 3rd period - Shot Misses the Net.
4:21 of 3rd period - Shot by Kristian Huselius.
4:21 of 3rd period - Shot Blocked by Dan Hamhuis.
4:22 of 3rd period - Minor Penalty to Dan Hamhuis for High sticking.
4:23 of 3rd period - Daymond Langkow wins face-off versus Ryan Kesler in Canucks zone.
5:26 of 3rd period - Shot by Kristian Huselius.
5:26 of 3rd period - Goal by Kristian Huselius - Canucks : 2 - Flames : 4.
5:27 of 3rd period - Jussi Jokinen wins face-off versus Steven Reinprecht in neutral zone.
5:57 of 3rd period - Shot by Brian Gionta.
5:57 of 3rd period - Shot Misses the Net.
6:03 of 3rd period - Shot by Marek Svatos.
6:03 of 3rd period - Goal by Marek Svatos - Canucks : 2 - Flames : 5.
6:03 of 3rd period - Evgeni Nabokov enters game.
6:04 of 3rd period - Ryan Kesler wins face-off versus Matthew Lombardi in neutral zone.
6:16 of 3rd period - Shot by Bill Guerin.
6:16 of 3rd period - Deflect By Kristian Huselius.
6:16 of 3rd period - Shot Misses the Net.
6:20 of 3rd period - Shot by Bill Guerin.
6:20 of 3rd period - Shot Misses the Net.
6:22 of 3rd period - Shot by Matthew Lombardi.
6:22 of 3rd period - Stopped by Evgeni Nabokov with a rebound.
6:24 of 3rd period - Shot by Bill Guerin.
6:24 of 3rd period - Shot Misses the Net.
6:25 of 3rd period - Minor Penalty to Sergei Fedorov for Hooking.
6:26 of 3rd period - Daymond Langkow wins face-off versus Ryan Kesler in Canucks zone.
6:58 of 3rd period - Icing by Alex Tanguay.
6:59 of 3rd period - Brad Richardson wins face-off versus Daymond Langkow in Flames zone.
7:47 of 3rd period - Colby Armstrong is hit by Jarome Iginla and loses puck.
8:14 of 3rd period - Shot by Bill Guerin.
8:14 of 3rd period - Shot Misses the Net.
8:55 of 3rd period - Shot by Ron Hainsey.
8:55 of 3rd period - Stopped by Miikka Kiprusoff without a rebound.
8:56 of 3rd period - Steven Reinprecht wins face-off versus Marek Svatos in Flames zone.
10:06 of 3rd period - Shot by Bill Guerin.
10:06 of 3rd period - Shot Hit the Post.
10:10 of 3rd period - Shot by Kristian Huselius.
10:10 of 3rd period - Shot Blocked by Marc-Edouard Vlasic.
10:12 of 3rd period - Shot by Bill Guerin.
10:12 of 3rd period - Stopped by Evgeni Nabokov without a rebound.
10:13 of 3rd period - Stephane Yelle wins face-off versus Jarret Stoll in Canucks zone.
10:23 of 3rd period - Off-side.
10:24 of 3rd period - Mike Johnson wins face-off versus Ryan Kesler in neutral zone.
10:51 of 3rd period - Icing by Dion Phaneuf.
10:52 of 3rd period - Nik Antropov wins face-off versus Stephane Yelle in Flames zone.
11:54 of 3rd period - Icing by Jarret Stoll.
11:55 of 3rd period - Jarret Stoll wins face-off versus Daymond Langkow in Canucks zone.
11:55 of 3rd period - Minor Penalty to Daymond Langkow for Slashing.
11:56 of 3rd period - Antoine Vermette wins face-off versus Jarome Iginla in Canucks zone.
12:23 of 3rd period - Shot by Antoine Vermette.
12:23 of 3rd period - Stopped by Miikka Kiprusoff without a rebound.
12:24 of 3rd period - Jarome Iginla wins face-off versus Nik Antropov in Flames zone.
12:47 of 3rd period - Shot by Antoine Vermette.
12:47 of 3rd period - Stopped by Miikka Kiprusoff without a rebound.
12:48 of 3rd period - Jarret Stoll wins face-off versus Stephane Yelle in Flames zone.
13:05 of 3rd period - Andrew Ference is hit by Jarret Stoll.
13:58 of 3rd period - Icing by Milan Michalek.
13:59 of 3rd period - Brad Richardson wins face-off versus Derek Armstrong in Canucks zone.
14:16 of 3rd period - Rhett Warrener is hit by Antti Miettinen and loses puck.
15:31 of 3rd period - Off-side.
15:32 of 3rd period - Antoine Vermette wins face-off versus Daymond Langkow in neutral zone.
15:48 of 3rd period - Shot by Daymond Langkow.
15:48 of 3rd period - Shot Hit the Post.
15:50 of 3rd period - Shot by Derek Armstrong.
15:50 of 3rd period - Stopped by Evgeni Nabokov with a rebound.
15:52 of 3rd period - Shot by Jarome Iginla.
15:52 of 3rd period - Stopped by Evgeni Nabokov without a rebound.
15:53 of 3rd period - Ryan Kesler wins face-off versus Marcus Nilson in Canucks zone.
15:57 of 3rd period - Off-side.
15:58 of 3rd period - Stephane Yelle wins face-off versus Ryan Kesler in neutral zone.
16:12 of 3rd period - Mike Johnson is hit by Anders Eriksson.
16:30 of 3rd period - Off-side.
16:31 of 3rd period - Antoine Vermette wins face-off versus Matthew Lombardi in neutral zone.
16:31 of 3rd period - Antoine Vermette is hit by Matthew Lombardi.
16:51 of 3rd period - Shot by Kristian Huselius.
16:51 of 3rd period - Shot Misses the Net.
17:10 of 3rd period - Kristian Huselius is hit by Dan Hamhuis.
17:28 of 3rd period - Shot by Milan Michalek.
17:28 of 3rd period - Shot Misses the Net.
17:30 of 3rd period - Shot by Mike Commodore.
17:30 of 3rd period - Shot Blocked by Andrew Ference.
17:34 of 3rd period - Shot by Milan Michalek.
17:34 of 3rd period - Shot Blocked by Andrew Ference.
17:51 of 3rd period - Milan Michalek is hit by Andrew Ference and loses puck.
18:27 of 3rd period - Minor Penalty to Dion Phaneuf for Hooking.
18:28 of 3rd period - Antoine Vermette wins face-off versus Stephane Yelle in Flames zone.
18:28 of 3rd period - Brian Gionta is hit by Daymond Langkow and loses puck.
18:33 of 3rd period - Shot by Antoine Vermette.
18:33 of 3rd period - Stopped by Miikka Kiprusoff without a rebound.
18:34 of 3rd period - Jarret Stoll wins face-off versus Stephane Yelle in Flames zone.
18:49 of 3rd period - Shot by Anders Eriksson.
18:49 of 3rd period - Goal by Anders Eriksson - Canucks : 3 - Flames : 5.
18:50 of 3rd period - Matthew Lombardi wins face-off versus Ryan Kesler in neutral zone.
18:50 of 3rd period - Matthew Lombardi is hit by Matt Cullen.
19:08 of 3rd period - Bill Guerin is hit by Ryan Kesler and loses puck.
19:18 of 3rd period - Icing by Andrei Zyuzin.
19:19 of 3rd period - Brad Richardson wins face-off versus Matthew Lombardi in Flames zone.
19:25 of 3rd period - Double Minor Penalty to Scott Walker for High sticking.
19:26 of 3rd period - Brad Richardson wins face-off versus Daymond Langkow in Flames zone.
19:27 of 3rd period - Shot by Matt Cullen.
19:27 of 3rd period - Goal by Matt Cullen - Canucks : 4 - Flames : 5.
19:28 of 3rd period - Brad Richardson wins face-off versus Daymond Langkow in neutral zone.
19:46 of 3rd period - Icing by Rhett Warrener.
19:47 of 3rd period - Ryan Kesler wins face-off versus Daymond Langkow in Flames zone.
19:58 of 3rd period - Shot by Jarome Iginla.
19:58 of 3rd period - Deflect By Alex Tanguay.
19:58 of 3rd period - Stopped by Evgeni Nabokov without a rebound.
19:59 of 3rd period - Brad Richardson wins face-off versus Matthew Lombardi in Canucks zone.


Output by the SimonT Hockey Simulator (STHS) for Stephane Roy -- Original Page W3C XHTML 1.0 Valid